 Dungeon Crawl Stone Soup version 0.25-a0-294-gea9b1ad378 (webtiles) character file.

Game seed: 13780857573474590406, levelgen mode: deterministic

47 night the Skirmisher (level 3, 0/24 HPs)
             Began as a Gargoyle Chaos Knight on Dec 17, 2019.
             Was a Plaything of Xom.
             Slain by a worm (12 damage)
             ... on level 2 of the Dungeon.
             The game lasted 00:02:11 (1005 turns).

night the Skirmisher (Gargoyle Chaos Knight)        Turns: 1005, Time: 00:02:12

Health: 0/24       AC:  8    Str: 15    XL:     3   Next: 70%
Magic:  3/3        EV: 11    Int: 13    God:    Xom [..*...]
Gold:   146        SH:  0    Dex:  9    Spells: 2/2 levels left

rFire    . . .     SeeInvis .   a - +0 hand axe (chaos)
rCold    . . .     Gourm    .   (no shield)
rNeg     + . .     Faith    .   b - +2 leather armour
rPois    ∞         Spirit   .   (no helmet)
rElec    +         Reflect  .   (no cloak)
rCorr    .         Harm     .   (no gloves)
MR       .....                  (no boots)
Stlth    +.........             (no amulet)
HPRegen  0.08/turn              (no ring)
MPRegen  0.08/turn              (no ring)

@: no status effects
A: negative energy resistance 1, electricity resistance, unbreathing,
petrification resistance, rot immunity, AC +3
a: Renounce Religion


You were on level 2 of the Dungeon.
You worshipped Xom.
You were a toy of Xom.
You were not hungry.

You visited 1 branch of the dungeon, and saw 2 of its levels.

You collected 146 gold pieces.

Inventory:

Hand Weapons
 a - a +0 hand axe of chaos (weapon)
Missiles
 g - 28 bolts
Armour
 b - a +2 leather armour (worn)
Scrolls
 d - 4 scrolls of identify {unknown}
Potions
 e - a potion of curing {unknown}
Comestibles
 c - 2 rations
 f - a chunk of flesh


   Skills:
 + Level 3.9 Fighting
 * Level 3.7 Axes
 - Level 2.1 Armour
 - Level 0.7 Dodging


You had 2 spell levels left.
You didn't know any spells.
Your spell library was empty.

Dungeon Overview and Level Annotations

Branches:
Dungeon (2/15)

Altars:
Gozag

Shops:
D:2 *


Innate Abilities, Weirdness & Mutations

You are resistant to torment.
Your stone body is resilient. (AC +3)
You are immune to poison.
You resist negative energy. (rN+)
You are resistant to electric shocks. (rElec)
You can survive without breathing.
You are immune to petrification.
You are immune to rotting.


Message History

The worm bites you.
You hit the worm but do no damage. You hit the worm but do no damage.
The worm seems to grow stronger.
Xom thinks this is hilarious!
The worm bites you!
You hit the worm.
The worm is poisoned.
The worm is lightly wounded.
The worm misses you.
You barely miss the worm.
The worm is lightly wounded.
The worm bites you.
You are too injured to fight recklessly!
You are too injured to fight recklessly!
You are too injured to fight recklessly!
You hit the worm but do no damage.
The worm is lightly wounded.
The worm bites you!
Ouch! That really hurt!
You die...
Xom yawns loudly!

#.......# #.†#..#
#.......# #.###.# #
#.......# #.##..#
#.#.......## #.##.##
#.#....!...# #.##.#
..........# #.##.#
#........# #.##.#
#........# #.##.#
##..@.....###†##.###
#...w..............#
#......###.=.......#
#......# #...†.....#
#......# #.........#
#......# #.........#
####...# #.........#
##### #.........#
####+##.###


You could see a worm.

Vanquished Creatures
  A worker ant (D:2)
  An ooze (D:1)
  A leopard gecko (D:2)
  2 bats (D:1)
  2 giant cockroaches (D:1)
  3 goblins
  2 hobgoblins
  3 kobolds
  2 frilled lizards
  2 rats
19 creatures vanquished.

Notes
Turn   | Place    | Note
-------+----------+-------------------------------------------
     0 | D:1      | night the Gargoyle Chaos Knight began the quest for the
                  | Orb.
     0 | D:1      | Reached XP level 1. HP: 14/14 MP: 1/1
    39 | D:1      | XOM: harmless Conj miscast
   111 | D:1      | XOM: harmless Tloc miscast
   194 | D:1      | Reached XP level 2. HP: 19/19 MP: 2/2
   600 | D:1      | XOM: mild Ice miscast
   787 | D:1      | XOM: silly message
   792 | D:2      | XOM: noise
   815 | D:2      | Found Gozag's Platinum Reserve.
   815 | D:2      | Found an opulent altar of Gozag.
   882 | D:2      | Reached XP level 3. HP: 15/24 MP: 3/3
  1005 | D:2      | Slain by a worm

Levels and vault maps discovered:
D:1:      dpeg_arrival_houses_and_road, layout_loops_ring,
          minmay_misc_feat_alley
D:2:      wander_river, layout_basic, nicolae_gozag_zags_fifth_avenue

Skill      XL: |  1 |
---------------+----+-----
Axes           | 3 |  3.7
Fighting       | |  3.9
Armour         | |  2.1
Dodging        | |  0.7

Action                   || total
-------------------------++-------
Melee: Hand axe          ||    71
Armor: Leather armour    ||    33
Dodge: Dodged            ||    43

Table legend:
 A = Non-vault XP
 B = Vault XP
 C = Vault XP percentage of total XP
 D = Non-vault monster count
 E = Vault monster count
 F = Vault count percentage of total count
                 A         B        C        D         E       F
            +---------+---------+-------+---------+---------+-------
      Total |      68 |       0 |   0.0 |      19 |       0 |   0.0
            +---------+---------+-------+---------+---------+-------
        D:1 |      24 |       0 |   0.0 |      11 |       0 |   0.0
        D:2 |      44 |       0 |   0.0 |       8 |       0 |   0.0
            +---------+---------+-------+---------+---------+-------
